 Dungeon Sprint DCSS version 0.21.0-26-g889b8f6 (webtiles) character file.

44675 wojtek the Executioner (level 13, -8/204 HPs)
             Began as a Minotaur Berserker on Jan 27, 2018.
             Was the Champion of Trog.
             Mangled by a naga warrior
             ... wielding a +0 hand axe of freezing
              (15 damage)
             ... in the Dungeon (Sprint III: "The Ten Rune Challenge").
             The game lasted 00:11:16 (5310 turns).

wojtek the Executioner (Minotaur Berserker)         Turns: 5310, Time: 00:11:16

Health: -8/204     AC: 15    Str: 30    XL:     13   Next: 27%
Magic:  12/12      EV: 18    Int:  4    God:    Trog [******]
Gold:   2093       SH:  0    Dex: 16    Spells: 12/12 levels left

rFire    . . .     SeeInvis .   a - +5 battleaxe of Fieriz {chop, rElec MR+ Dex+4}
rCold    . . .     Gourm    .   (shield currently unavailable)
rNeg     . . .     Faith    .   A - +0 chain mail
rPois    .         Spirit   .   E - +1 hat
rElec    +         Reflect  .   (no cloak)
rCorr    .         Harm     .   (no gloves)
MR       +....     NoTele   +   (no boots)
Stlth    ..........             (no amulet)
HPRegen  0.44/turn              (no ring)
MPRegen  0.13/turn              (no ring)

@: berserking, constricted, very quick
A: retaliatory headbutt, horns 2
}: 1/10 runes: barnacled
a: Berserk, Trog's Hand, Brothers in Arms, Burn Spellbooks, Renounce Religion


You were in the Dungeon.
You worshipped Trog.
Trog was exalted by your worship.
You were hungry.

You visited 1 branch You collected 2093 gold pieces.

Inventory:

Hand Weapons
 a - the +5 battleaxe of Fieriz (weapon) {chop, rElec MR+ Dex+4}
   (Trog gifted it to you in the Dungeon)

   It inflicts extra damage upon your enemies.
   It affects your dexterity (+4).
   It insulates you from electricity.
   It affects your resistance to hostile enchantments.
 b - a +3 battleaxe of flaming
 j - a +2 antimagic broad axe
 x - a +7 executioner's axe of holy wrath
 y - a +2 antimagic battleaxe
 C - a +2 executioner's axe of electrocution
 F - a +6 antimagic battleaxe
 H - a +3 battleaxe of venom
 I - a +2 battleaxe of flaming
 J - a +4 battleaxe of chopping
 L - a +3 antimagic battleaxe
 M - a +1 antimagic battleaxe
 N - a +3 battleaxe of freezing
Missiles
 z - 5 steel javelins (quivered)
Armour
 v - a +0 leather armour
 A - a +0 chain mail (worn)
 E - a +1 hat (worn)
Wands
 l - a wand of random effects (25)
Scrolls
 i - a scroll of blinking
 k - a scroll of identify {unknown}
 n - a scroll of torment {unknown}
 o - a scroll of random uselessness {unknown}
 p - a scroll of enchant armour {unknown}
 s - a scroll of immolation {unknown}
 t - a scroll of amnesia {unknown}
 u - 2 scrolls of remove curse
Potions
 d - a potion of curing
 e - 4 potions of heal wounds
 f - 2 potions of haste
 g - 2 potions of magic
 h - a potion of berserk rage
 m - 2 potions of mutation {unknown}
 q - a potion of brilliance {unknown}
 r - 6 potions of flight
 B - a potion of cancellation {unknown}
 D - a potion of might
 G - a potion of degeneration {unknown}
Miscellaneous
 w - a fan of gales
Comestibles
 c - 16 rations
 K - a chunk of flesh


   Skills:
 + Level 18.4 Fighting
 * Level 24.2 Axes
 + Level 18.3 Armour
 + Level 17.0 Dodging


You had 12 spell levels left.
You didn't know any spells.

Dungeon Overview and Level Annotations

Branches:
Dungeon (1/1)

Altars:
Cheibriados
Dithmenos
Elyvilon
Fedhas
Gozag
Hepliaklqana
Kikubaaqudgha
Makhleb
Nemelex Xobeh
Okawaru
Qazlal
Ru
Sif Muna
Trog
Uskayaw
Vehumet
Wu Jian
Xom
Yredelemnul
Zin
The Shining One
Beogh
Jiyva
Lugonu

Shops:
D %(:(


Innate Abilities, Weirdness & Mutations

You reflexively headbutt those who attack you in melee.
You have a pair of horns on your head.


Message History

The naga warrior blocks your attack. x2
The naga warrior is lightly wounded.
The naga misses you.
You slice the naga warrior!!
The naga warrior is severely wounded.
The naga warrior hits you with a hand axe of freezing!
* * * LOW HITPOINT WARNING * * *
The naga warrior freezes you.
* * * LOW HITPOINT WARNING * * *
x2 The naga warrior constricts you.
Your chain mail prevents you from hitting the naga warrior.
You headbutt the naga warrior!
The naga warrior is severely wounded.
Unknown command.
You closely miss the naga warrior.
The naga warrior is severely wounded.
The naga spits poison at you. The splash of poison misses you.
The naga warrior hits you with a hand axe of freezing!
You die...

#######+#############
≈≈≈≈≈▓#..†........##
≈≈≈≈≈▓#..†.........#
≈≈≈..▓###########..#
≈≈...▓##........†..#
≈≈≈..▓#...........##
≈≈≈..▓#..##########
≈≈≈≈.▓#..........N##
≈≈≈≈≈▓##........@).#
≈≈≈≈≈▓ ##########).#
≈≈≈≈.▓ N......N.#
≈≈≈.∩▓ N.......##
≈≈≈.∩▓ #########
≈≈≈.∩▓ ≈≈...▓ ▓▓▓▓▓▓


You could see a naga warrior and a naga.

Vanquished Creatures
  Rupert (D)
  Polyphemus (D)
  Gastronok (D)
  Ilsuiw (D)
  A nagaraja (D)
  2 dire elephants (D)
  A merfolk javelineer (D)
  5 anacondas (D)
  Erica (D)
  A centaur warrior (D)
  2 hydras (D)
  4 death yaks (D)
  Urug (D)
  A spriggan druid (D)
  A sea snake (D)
  An unseen horror (D)
  A lindwurm (D)
  A deep elf mage (D)
  2 elephants (D)
  5 black mambas (D)
  A rime drake (D)
  2 spiny frogs (D)
  A komodo dragon (D)
  A queen bee (D)
  2 tyrant leeches (D)
  8 blink frogs (D)
  3 dream sheep (D)
  3 wandering mushrooms (D)
  A shadow (D)
  2 spriggans (D)
  3 redbacks (D)
  A spatial vortex (D)
  A naga (D)
  A water moccasin (D)
  A swamp drake (D)
  A necrophage (D)
  2 centaurs (D)
  An earth elemental (D)
  A water elemental (D)
  A scorpion (D)
  30 killer bees (D)
  A jelly (D)
  A wizard (D)
  Jessica (D)
  A necromancer (D)
  3 humans (D)
  A kobold demonologist (D)
  4 adders (D)
  An ooze (D)
  2 orcs (D)
  2 rats (D)
  3 plants (D)
121 creatures vanquished.

Vanquished Creatures (collateral kills)
  An orc high priest (D)
  An orc warrior (D)
  2 killer bees (D)
  5 orc priests (D)
  9 orcs (D)
  A plant (D)
19 creatures vanquished.

Vanquished Creatures (others)
  2 draconian scorchers (D)
  A death drake (D)
  3 yaktaurs (D)
  6 hellions (D)
  An electric eel (D)
  3 plants (D)
16 creatures vanquished.

Grand Total: 156 creatures vanquished

Notes
Turn   | Place    | Note
-------+----------+-------------------------------------------
     0 | D        | wojtek the Minotaur Berserker began the quest for the Orb.
     0 | D        | Reached XP level 1. HP: 19/19 MP: 0/0
    14 | D        | Reached skill level 4 in Axes
    47 | D        | Reached ** piety under Trog
    69 | D        | Noticed Jessica
    77 | D        | Killed Jessica
    77 | D        | Reached skill level 5 in Axes
    77 | D        | Reached XP level 2. HP: 20/28 MP: 1/1
    77 | D        | Reached XP level 3. HP: 25/35 MP: 2/2
    86 | D        | Killed a hellion
    86 | D        | Killed a hellion
    87 | D        | Killed a hellion
    90 | D        | Killed a hellion
    95 | D        | Killed a yaktaur
   117 | D        | Killed a hellion
   118 | D        | Killed a hellion
   163 | D        | Noticed a scorpion
   169 | D        | Reached skill level 5 in Fighting
   169 | D        | Reached skill level 6 in Axes
   169 | D        | Killed a scorpion
   169 | D        | Reached *** piety under Trog
   169 | D        | Reached skill level 7 in Axes
   169 | D        | Reached skill level 5 in Armour
   169 | D        | Reached XP level 4. HP: 44/44 MP: 3/3
   180 | D        | Killed a white draconian scorcher
   181 | D        | Killed a white draconian scorcher
   226 | D        | Noticed a water elemental
   230 | D        | Killed a water elemental
   230 | D        | Reached skill level 8 in Axes
   230 | D        | Reached skill level 5 in Dodging
   230 | D        | Reached XP level 5. HP: 51/51 MP: 4/4
   265 | D        | Found a radiant altar of Vehumet.
   266 | D        | Found a deep blue altar of Sif Muna.
   266 | D        | Found an ancient bone altar of Kikubaaqudgha.
   272 | D        | Reached skill level 9 in Axes
   275 | D        | Reached **** piety under Trog
   513 | D        | Found a glowing silver altar of Zin.
   514 | D        | Found a glowing golden altar of the Shining One.
   514 | D        | Found a white marble altar of Elyvilon.
   514 | D        | Noticed a deep elf mage
   522 | D        | Noticed a fire elemental
   537 | D        | Killed a deep elf mage
   537 | D        | Reached skill level 12 in Axes
   537 | D        | Reached XP level 6. HP: 50/63 MP: 5/5
   537 | D        | Reached XP level 7. HP: 55/70 MP: 6/6
   702 | D        | Found a hide-covered altar of Uskayaw.
   702 | D        | Found an iron altar of Okawaru.
   703 | D        | Found a roughly hewn altar of Beogh.
   703 | D        | Found a bloodstained altar of Trog.
   703 | D        | Found an ornate altar of the Wu Jian Council.
   703 | D        | Noticed a human
   703 | D        | Noticed a human
   706 | D        | Reached ***** piety under Trog
   708 | D        | Killed a human
   713 | D        | Killed a human
   713 | D        | Reached skill level 13 in Axes
   760 | D        | Found a basalt altar of Yredelemnul.
   760 | D        | Found a shadowy altar of Dithmenos.
   760 | D        | Found a sacrificial altar of Ru.
   770 | D        | Reached skill level 10 in Fighting
   804 | D        | Reached ****** piety under Trog
   804 | D        | Reached XP level 8. HP: 79/79 MP: 7/7
   896 | D        | Reached skill level 10 in Armour
   905 | D        | Found a blossoming altar of Fedhas.
   905 | D        | Found a stormy altar of Qazlal.
   905 | D        | Found a snail-covered altar of Cheibriados.
   905 | D        | Found a burning altar of Makhleb.
   905 | D        | Found a shimmering altar of Xom.
   906 | D        | Found a hazy altar of Hepliaklqana.
   906 | D        | Found an opulent altar of Gozag.
   906 | D        | Found a sparkling altar of Nemelex Xobeh.
   906 | D        | Found a corrupted altar of Lugonu.
   906 | D        | Found a viscous altar of Jiyva.
   916 | D        | Received a gift from Trog
   932 | D        | Noticed Erica
   942 | D        | Killed Erica
   942 | D        | Reached skill level 14 in Axes
   942 | D        | Reached skill level 10 in Dodging
   991 | D        | Reached skill level 15 in Axes
   991 | D        | Reached XP level 9. HP: 60/89 MP: 8/8
  1111 | D        | Noticed an orc high priest
  1112 | D        | Noticed a sixfirhy
  1112 | D        | Noticed a red devil
  1120 | D        | Killed an orc high priest
  1123 | D        | Received a gift from Trog
  1131 | D        | Received a gift from Trog
  1133 | D        | Found Segamm's Antique Weapon Shoppe.
  1232 | D        | Noticed a centaur warrior
  1237 | D        | Killed a centaur warrior
  1237 | D        | Reached skill level 16 in Axes
  1338 | D        | Killed an unseen horror
  1446 | D        | Noticed a queen bee
  1456 | D        | Received a gift from Trog
  1458 | D        | Reached XP level 10. HP: 100/100 MP: 9/9
  1460 | D        | Received a gift from Trog
  1462 | D        | Reached skill level 17 in Axes
  1472 | D        | Received a gift from Trog
  1490 | D        | Received a gift from Trog
  1866 | D        | Received a gift from Trog
  1870 | D        | Got an ancient battleaxe {god gift}
  1950 | D        | Identified the +5 battleaxe of Fieriz {chop, rElec MR+ Dex+4} (Trog gifted it to you in the Dungeon)
  2084 | D        | Received a gift from Trog
  2095 | D        | Reached skill level 18 in Axes
  2183 | D        | Noticed a spiny frog
  2183 | D        | Noticed a spiny frog
  2185 | D        | Killed a spiny frog
  2185 | D        | Received a gift from Trog
  2188 | D        | Killed a spiny frog
  2348 | D        | Received a gift from Trog
  2353 | D        | Reached XP level 11. HP: 106/110 MP: 10/10
  2393 | D        | Reached skill level 19 in Axes
  2399 | D        | Noticed Rupert
  2413 | D        | Killed Rupert
  2659 | D        | Noticed a dire elephant
  2663 | D        | Noticed a dire elephant
  2666 | D        | Reached skill level 15 in Fighting
  2679 | D        | Killed a dire elephant
  2679 | D        | Reached skill level 20 in Axes
  2679 | D        | Reached skill level 15 in Armour
  2681 | D        | Killed a dire elephant
  2820 | D        | Noticed Gastronok
  2842 | D        | Killed Gastronok
  2842 | D        | Received a gift from Trog
  2982 | D        | Noticed an azure jelly
  2982 | D        | Noticed an azure jelly
  2982 | D        | Noticed an azure jelly
  2983 | D        | Noticed an azure jelly
  2997 | D        | Noticed a death yak
  2998 | D        | Noticed a death yak
  2999 | D        | Noticed a death yak
  3003 | D        | Noticed a death yak
  3004 | D        | Killed a death yak
  3004 | D        | Reached skill level 21 in Axes
  3010 | D        | Killed a death yak
  3018 | D        | Killed a death yak
  3018 | D        | Reached XP level 12. HP: 67/122 MP: 11/11
  3029 | D        | Killed a death yak
  3029 | D        | Received a gift from Trog
  3029 | D        | Reached skill level 15 in Dodging
  3237 | D        | Noticed Polyphemus
  3254 | D        | Killed Polyphemus
  3254 | D        | Reached skill level 22 in Axes
  3257 | D        | Received a gift from Trog
  3392 | D        | Noticed Ilsuiw
  3453 | D        | Killed Ilsuiw
  3808 | D        | Found Fylel's Food Shoppe.
  3904 | D        | Found Lotoer's Antique Weapon Boutique.
  3905 | D        | Found Sucro's Book Emporium.
  3906 | D        | Noticed a merfolk javelineer
  3932 | D        | Killed a merfolk javelineer
  4100 | D        | Got a barnacled rune of Zot
  4279 | D        | Received a gift from Trog
  4314 | D        | Noticed Urug
  4321 | D        | Killed Urug
  4321 | D        | Reached skill level 23 in Axes
  4515 | D        | Noticed a six-headed hydra
  4515 | D        | Noticed a six-headed hydra
  4522 | D        | Killed a three-headed hydra
  4524 | D        | Killed a four-headed hydra
  4524 | D        | Received a gift from Trog
  4770 | D        | Found a blossoming altar of Fedhas.
  4933 | D        | Noticed an anaconda
  4937 | D        | Received a gift from Trog
  4937 | D        | Reached XP level 13. HP: 128/134 MP: 12/12
  5099 | D        | Received a gift from Trog
  5101 | D        | Reached skill level 24 in Axes
  5281 | D        | Noticed a nagaraja
  5299 | D        | Killed a nagaraja
  5308 | D        | HP: 10/204 [naga warrior/hand axe of freezing (3)]
  5310 | D        | Mangled by a naga warrior

Skill      XL: |  1  2  3  4  5  6  7  8  9 10 11 12 13 |
---------------+----------------------------------------+-----
Fighting       | 4 5 6 9 10 11 12 14 16 17 18 | 18.4
Axes           | 5 7 8 12 13 15 16 18 21 23 24 | 24.2
Armour         | 4 5 6 8 9 11 12 14 16 17 18 | 18.3
Dodging        | 3 4 5 7 8 10 11 13 14 16 17 | 17.0

Action                   |  1- 3 |  4- 6 |  7- 9 | 10-12 | 13-15 || total
-------------------------+-------+-------+-------+-------+-------++-------
Melee: Hand axe          |    17 |    22 |    40 |       |       ||    79
       Headbutt          |     3 |     5 |    22 |    56 |    12 ||    98
       Battleaxe         |       |       |    45 |   273 |    29 ||   347
Invok: Berserk           |     1 |     3 |     1 |     4 |     1 ||    10
       Burn Spellbooks   |       |       |     2 |       |       ||     2
       Brothers in Arms  |       |       |     1 |     4 |       ||     5
Evoke: Wand              |       |       |     2 |       |       ||     2
 Stab: Sleeping          |       |     1 |       |       |       ||     1
  Eat: Chunk             |       |     1 |     6 |    10 |     1 ||    18
       Ration            |       |       |       |     2 |       ||     2
Armor: Animal skin       |       |     3 |       |       |       ||     3
       Leather armour    |       |       |     6 |       |       ||     6
       Chain mail        |       |       |    22 |    83 |     7 ||   112
Dodge: Dodged            |    12 |    10 |    47 |   178 |    20 ||   267
